PAAA
PHOENIX HOTSPUR RESERVES @ FLORIDA MEN
05/03/2022
 
TOP OF THE 1ST
Phoenix Hotspur Reserves batting - Pitching for Florida Men : LHP José Ybarra
Pitching: LHP José Ybarra
Batting: RHB Gabriel Pérez 0-0: Ball
1-0: Ground out 5-3 (Groundball, 5S)
Batting: RHB Rick Moore 0-0: Ball
1-0: Called Strike
1-1: Ball
2-1: Ball
3-1: Base on Balls
Batting: RHB Martín Martínez 0-0: Called Strike
0-1: Ball
1-1: SINGLE (Line Drive, 5D)
Rick Moore to second
Batting: RHB John Moore 0-0: Called Strike
0-1: Foul Ball, location: 2F
0-2: Ball
1-2: Ball
2-2: Ball
3-2: DOUBLE (Groundball, 5D)
Rick Moore scores
Martín Martínez to third
Batting: RHB Randy Rehling 0-0: Ball
1-0: SINGLE (Line Drive, 6MD)
Martín Martínez scores
John Moore to third
Runner from 3rd tries for Home, SAFE, no throw or cutoff
Batting: RHB Christian O'Neal 0-0: Ball
1-0: Ball
2-0: Swinging Strike
2-1: Called Strike
2-2: Foul Ball, location: 2F
2-2: Foul Ball, location: 2F
2-2: Strikes out looking
Batting: RHB Ben Anderson 0-0: SINGLE (Groundball, 6MD) (infield hit)
Randy Rehling to second
Batting: SHB Jesús González 0-0: Ball
1-0: Called Strike
1-1: Ball
Wild Pitch!
Randy Rehling to third
Ben Anderson to second
2-1: Reached on error, E6 (Groundball, 6)
Randy Rehling scores
Ben Anderson to third
Batting: RHB Alejandro Ibarra 0-0: Called Strike
0-1: SINGLE (Line Drive, 9S)
Ben Anderson scores
Jesús González to second
Batting: RHB Gabriel Pérez 0-0: SINGLE (Groundball, 6M)
Jesús González to third
Alejandro Ibarra to second
Runner from 3rd tries for Home, SAFE, no throw or cutoff
Batting: RHB Rick Moore 0-0: Called Strike
0-1: Foul Ball, location: 2F
0-2: Foul Ball, location: 2F
0-2: Fly out, F7 (Flyball, 7D)
Top of the 1st over - 6 run(s), 6 hit(s), 1 error(s), 2 left on base; Phoenix 6 - Florida 0
BOTTOM OF THE 1ST
Florida Men batting - Pitching for Phoenix Hotspur Reserves : LHP Elroy Gardner
Pitching: LHP Elroy Gardner
Batting: RHB Seon-keun Kim 0-0: Ball
1-0: Fly out, F8 (Line Drive, 8LM)
Batting: RHB Gilberto Patino 0-0: Foul Ball, location: 2F
0-1: SINGLE (Line Drive, 6D)
Batting: LHB Mito Rin 0-0: Foul Ball, location: 2F
0-1: Foul Ball, location: 2F
0-2: Foul Ball, location: 2F
0-2: Ball
1-2: Ground out U3 (Groundball, 3S)
Gilberto Patino to second
Batting: LHB Bastyăo Lizardo 0-0: Called Strike
0-1: Ball
1-1: DOUBLE (Flyball, 8RXD)
Gilberto Patino scores
Batting: RHB Jim Unknown 0-0: Foul Ball, location: 2F
0-1: Ball
1-1: Ball
2-1: Foul Ball, location: 2F
2-2: Ball
3-2: Base on Balls
Batting: RHB Jim Unknown 0-0: Called Strike
0-1: Ball
1-1: Ball
2-1: Foul Ball, location: 2F
2-2: Strikes out swinging
Bottom of the 1st over - 1 run(s), 2 hit(s), 0 error(s), 2 left on base; Phoenix 6 - Florida 1
TOP OF THE 2ND
Phoenix Hotspur Reserves batting - Pitching for Florida Men : LHP José Ybarra
Batting: RHB Martín Martínez 0-0: SINGLE (Line Drive, 7LM)
Batting: RHB John Moore 0-0: Grounds into double play, 6-4-3 (Groundball, 6M)
Batting: RHB Randy Rehling 0-0: Called Strike
0-1: Ball
1-1: Foul Ball, location: 2F
1-2: Fly out, F9 (Line Drive, 9M)
Top of the 2nd over - 0 run(s), 1 hit(s), 0 error(s), 0 left on base; Phoenix 6 - Florida 1
BOTTOM OF THE 2ND
Florida Men batting - Pitching for Phoenix Hotspur Reserves : LHP Elroy Gardner
Batting: RHB Jim Unknown 0-0: Ball
1-0: Ball
2-0: Ball
3-0: Called Strike
3-1: Base on Balls
Batting: RHB Jim Unknown 0-0: Ball
1-0: Grounds into double play, 4-6-3 (Groundball, 4)
Batting: RHB Jim Unknown 0-0: Ball
1-0: Called Strike
1-1: Ball
2-1: Swinging Strike
2-2: Ball
3-2: Base on Balls
Batting: RHB Seon-keun Kim 0-0: Called Strike
0-1: SINGLE (Line Drive, 56)
Jim Unknown to second
Batting: RHB Gilberto Patino 0-0: Foul Ball, location: 2F
0-1: Ball
Reached via error on a dropped throw, E3
Jim Unknown to third
Seon-keun Kim to second
Batting: LHB Mito Rin 0-0: Ball
1-0: Fly out, F8 (Flyball, 89XD)
Bottom of the 2nd over - 0 run(s), 1 hit(s), 1 error(s), 3 left on base; Phoenix 6 - Florida 1
TOP OF THE 3RD
Phoenix Hotspur Reserves batting - Pitching for Florida Men : LHP José Ybarra
Batting: RHB Christian O'Neal 0-0: Foul Ball, location: 2F
0-1: Fly out, F8 (Flyball, 8RM)
Batting: RHB Ben Anderson 0-0: Ball
1-0: Called Strike
1-1: Swinging Strike
1-2: DOUBLE (Groundball, 5L)
Batting: SHB Jesús González 0-0: Ball
1-0: Called Strike
1-1: Ball
2-1: Ball
3-1: Base on Balls
Batting: RHB Alejandro Ibarra 0-0: DOUBLE (Line Drive, 9LS)
Ben Anderson scores
Jesús González to third
Batting: RHB Gabriel Pérez 0-0: Ball
1-0: Ball
2-0: Ball
3-0: Base on Balls
Batting: RHB Rick Moore 0-0: Swinging Strike
0-1: Ball
1-1: Ball
2-1: Reached on error, E1 (Groundball, 13)
Jesús González scores
Alejandro Ibarra to third
Gabriel Pérez to second
Pitching: RHP Wallace Elgie
Batting: RHB Martín Martínez 0-0: Ball
1-0: Called Strike
1-1: Foul Ball, location: 2F
1-2: Ball
2-2: Strikes out looking
Batting: RHB John Moore 0-0: Ball
Wild Pitch!
Alejandro Ibarra scores
Gabriel Pérez to third
Rick Moore to second
1-0: Ball
2-0: Ball
3-0: Base on Balls
Batting: RHB Randy Rehling 0-0: Called Strike
0-1: Foul Ball, location: 2F
0-2: Ground out 4-3 (Groundball, 4)
Top of the 3rd over - 3 run(s), 2 hit(s), 1 error(s), 3 left on base; Phoenix 9 - Florida 1
BOTTOM OF THE 3RD
Florida Men batting - Pitching for Phoenix Hotspur Reserves : LHP Elroy Gardner
Batting: LHB Bastyăo Lizardo 0-0: Ball
1-0: Called Strike
1-1: Ball
2-1: Foul Ball, location: 2F
2-2: Foul Ball, location: 2F
2-2: Ball
3-2: SOLO HOME RUN (Flyball, 8LXD), Distance : 439 ft
Batting: RHB Jim Unknown 0-0: Ball
1-0: Ground out 6-3 (Groundball, 6)
Batting: RHB Jim Unknown 0-0: Ball
1-0: Ball
2-0: Swinging Strike
2-1: Fly out, F6 (Popup, 6)
Batting: RHB Jim Unknown 0-0: Ball
1-0: SINGLE (Line Drive, 7LS)
Batting: RHB Jim Unknown 0-0: Ball
1-0: Ball
2-0: Ball
3-0: Called Strike
3-1: Called Strike
3-2: Foul Ball, location: 2F
3-2: Base on Balls
Jim Unknown to second
Pitching: RHP Richard Carlson
Batting: RHB Jim Unknown 0-0: Ball
1-0: Foul Ball, location: 2F
1-1: Foul Ball, location: 2F
1-2: Ball
2-2: Foul Ball, location: 2F
2-2: Ground out 6-3 (Groundball, 6)
Bottom of the 3rd over - 1 run(s), 2 hit(s), 0 error(s), 2 left on base; Phoenix 9 - Florida 2
TOP OF THE 4TH
Phoenix Hotspur Reserves batting - Pitching for Florida Men : RHP Wallace Elgie
Batting: RHB Christian O'Neal 0-0: Ball
1-0: Called Strike
1-1: SINGLE (Line Drive, 6D)
Batting: RHB Ben Anderson 0-0: Ball
1-0: Swinging Strike
1-1: SINGLE (Groundball, 56D)
Christian O'Neal to second
Batting: SHB Jesús González 0-0: Called Strike
0-1: Ball
1-1: Fielders Choice at 2nd, 6-4 (Groundball, 6M)
Christian O'Neal to third
Batting: RHB Alejandro Ibarra 0-0: Called Strike
0-1: Ball
1-1: Ball
2-1: SINGLE (Flyball, 9LM)
Christian O'Neal scores
Jesús González to second
Runner from 2nd tries for 3rd, SAFE, no throw or cutoff
Batting: RHB Gabriel Pérez 0-0: Ball
1-0: Called Strike
1-1: Ball
2-1: Ball
3-1: Base on Balls
Alejandro Ibarra to second
Batting: RHB Rick Moore 0-0: Ground out U3 (Groundball, 3S)
Jesús González scores
Alejandro Ibarra to third
Gabriel Pérez to second
Batting: RHB Martín Martínez 0-0: Ground out 2-3 (Groundball, 2R)
Top of the 4th over - 2 run(s), 3 hit(s), 0 error(s), 2 left on base; Phoenix 11 - Florida 2
BOTTOM OF THE 4TH
Florida Men batting - Pitching for Phoenix Hotspur Reserves : RHP Richard Carlson
Batting: RHB Seon-keun Kim 0-0: Ball
1-0: Foul Ball, location: 2F
1-1: Foul Ball, location: 2F
1-2: Foul Ball, location: 2F
1-2: Ball
2-2: Ball
3-2: Strikes out swinging
Batting: RHB Gilberto Patino 0-0: Ball
1-0: Ball
2-0: Ground out 1-3 (Groundball, 15)
Batting: LHB Mito Rin 0-0: Ball
1-0: Ground out 5-3 (Groundball, 5D)
Bottom of the 4th over - 0 run(s), 0 hit(s), 0 error(s), 0 left on base; Phoenix 11 - Florida 2
TOP OF THE 5TH
Phoenix Hotspur Reserves batting - Pitching for Florida Men : RHP Wallace Elgie
Batting: RHB John Moore 0-0: Ball
1-0: Ball
2-0: Ball
3-0: Base on Balls
Batting: RHB Randy Rehling 0-0: Called Strike
0-1: 2-RUN HOME RUN (Flyball, 8LXD), Distance : 432 ft
Pitching: RHP Milton Anderson
Batting: RHB Christian O'Neal 0-0: Foul Ball, location: 2F
0-1: Ball
1-1: Ball
2-1: Foul Ball, location: 2F
2-2: Foul Ball, location: 2F
2-2: Fly out, F5 (Popup, 5SF)
Batting: RHB Ben Anderson 0-0: Ball
1-0: Called Strike
1-1: Fly out, F9 (Flyball, 89M)
Batting: SHB Jesús González 0-0: Ball
1-0: Ball
2-0: Ball
3-0: Called Strike
3-1: Foul Ball, location: 2F
3-2: Foul Ball, location: 2F
3-2: Foul Ball, location: 2F
3-2: Base on Balls
Batting: RHB Alejandro Ibarra 0-0: Called Strike
0-1: Ball
1-1: Ball
2-1: SINGLE (Groundball, 6MD)
Jesús González to second
Batting: RHB Gabriel Pérez 0-0: Fly out, F8 (Flyball, 8LD)
Top of the 5th over - 2 run(s), 2 hit(s), 0 error(s), 2 left on base; Phoenix 13 - Florida 2
BOTTOM OF THE 5TH
Florida Men batting - Pitching for Phoenix Hotspur Reserves : RHP Richard Carlson
Batting: LHB Bastyăo Lizardo 0-0: Ball
1-0: Ball
2-0: SINGLE (Line Drive, 8LS)
Batting: RHB Jim Unknown 0-0: Ball
1-0: Ball
2-0: Ball
3-0: Called Strike
3-1: Base on Balls
Bastyăo Lizardo to second
Batting: RHB Jim Unknown 0-0: Called Strike
0-1: Ball
1-1: SINGLE (Line Drive, 6MD)
Bastyăo Lizardo to third
Jim Unknown to second
Batting: RHB Jim Unknown 0-0: Ball
1-0: Swinging Strike
1-1: Ball
2-1: Foul Ball, location: 2F
2-2: Ball
3-2: Base on Balls
Bastyăo Lizardo scores
Jim Unknown to third
Jim Unknown to second
Batting: RHB Jim Unknown 0-0: Ball
1-0: Ball
2-0: Ball
3-0: Called Strike
3-1: Foul Ball, location: 2F
3-2: Foul Ball, location: 2F
3-2: Foul Ball, location: 2F
3-2: Base on Balls
Jim Unknown scores
Jim Unknown to third
Jim Unknown to second
Pitching: RHP Roderick Draper
Batting: RHB Jim Unknown 0-0: Ground out 6-3 (Groundball, 6MS)
Jim Unknown scores
Jim Unknown to third
Jim Unknown to second
Batting: RHB Seon-keun Kim 0-0: Fly out, F8 (Flyball, 8LXD)
Runner from 3rd tags up, SCORES, no throw
Batting: RHB Gilberto Patino 0-0: Called Strike
0-1: Ball
1-1: Ball
2-1: Ball
3-1: Called Strike
3-2: SINGLE (Line Drive, 3)
Jim Unknown to third
Jim Unknown scores
Batting: LHB Mito Rin 0-0: Ball
1-0: Swinging Strike
1-1: Ball
2-1: Ground out U3 (Groundball, 3L)
Bottom of the 5th over - 5 run(s), 3 hit(s), 0 error(s), 1 left on base; Phoenix 13 - Florida 7
TOP OF THE 6TH
Phoenix Hotspur Reserves batting - Pitching for Florida Men : RHP Milton Anderson
Batting: RHB Rick Moore 0-0: Ball
1-0: Ball
2-0: DOUBLE (Line Drive, 8LM)
Batting: RHB Martín Martínez 0-0: Called Strike
0-1: Foul Ball, location: 2F
0-2: Ball
1-2: SINGLE (Groundball, 56D)
Rick Moore to third
Runner from 3rd tries for Home, throw and OUT!
Martín Martínez to second
Batting: RHB John Moore 0-0: Called Strike
0-1: Swinging Strike
0-2: Strikes out swinging
Batting: RHB Randy Rehling 0-0: Fly out, F8 (Flyball, 89M)
Top of the 6th over - 0 run(s), 2 hit(s), 0 error(s), 1 left on base; Phoenix 13 - Florida 7
BOTTOM OF THE 6TH
Florida Men batting - Pitching for Phoenix Hotspur Reserves : RHP Roderick Draper
Batting: LHB Bastyăo Lizardo 0-0: Called Strike
0-1: Ball
1-1: Ball
2-1: Foul Ball, location: 2F
2-2: Ball
3-2: Hit by Pitch
Batting: RHB Jim Unknown 0-0: Foul Ball, location: 2F
0-1: Ball
1-1: Called Strike
1-2: Ball
2-2: Fly out, F8 (Flyball, 8RXD)
Batting: RHB Jim Unknown 0-0: Called Strike
0-1: Ground out 5-3 (Groundball, 5S)
Bastyăo Lizardo to second
Batting: RHB Jim Unknown 0-0: Ball
1-0: Ball
2-0: Called Strike
2-1: Ball
3-1: SINGLE (Line Drive, 9S)
Bastyăo Lizardo to third
Runner from 3rd tries for Home, SAFE, no throw or cutoff
Batting: RHB Jim Unknown 0-0: Ball
1-0: Ball
2-0: Foul Ball, location: 2F
2-1: Ground out U3 (Groundball, 3L)
Bottom of the 6th over - 1 run(s), 1 hit(s), 0 error(s), 1 left on base; Phoenix 13 - Florida 8
TOP OF THE 7TH
Phoenix Hotspur Reserves batting - Pitching for Florida Men : RHP Milton Anderson
Batting: RHB Christian O'Neal 0-0: Ball
1-0: Ball
2-0: Ball
3-0: Called Strike
3-1: Ground out 6-3 (Groundball, 56)
Batting: RHB Ben Anderson 0-0: Foul Ball, location: 2F
0-1: Ball
1-1: Foul Ball, location: 2F
1-2: Ball
2-2: Fly out, F8 (Popup, 6MD)
Batting: SHB Jesús González 0-0: Ball
1-0: Ball
2-0: SINGLE (Flyball, 8LS)
Pitching: RHP Michael McGinnity
Batting: RHB Alejandro Ibarra 0-0: Ball
1-0: Foul Ball, location: 2F
1-1: Ball
2-1: Fly out, F6 (Line Drive, 6M)
Top of the 7th over - 0 run(s), 1 hit(s), 0 error(s), 1 left on base; Phoenix 13 - Florida 8
BOTTOM OF THE 7TH
Florida Men batting - Pitching for Phoenix Hotspur Reserves : RHP Roderick Draper
Batting: RHB Jim Unknown 0-0: Called Strike
0-1: Ball
1-1: DOUBLE (Line Drive, 5D)
Batting: RHB Seon-keun Kim 0-0: Ball
1-0: Fly out, F7 (Flyball, 78M)
Batting: RHB Gilberto Patino 0-0: Called Strike
0-1: Ball
1-1: Ball
2-1: Swinging Strike
2-2: Strikes out looking
Batting: LHB Mito Rin 0-0: Fly out, F7 (Line Drive, 7M)
Bottom of the 7th over - 0 run(s), 1 hit(s), 0 error(s), 1 left on base; Phoenix 13 - Florida 8
TOP OF THE 8TH
Phoenix Hotspur Reserves batting - Pitching for Florida Men : RHP Michael McGinnity
Batting: RHB Gabriel Pérez 0-0: Ball
1-0: Foul Ball, location: 2F
1-1: Ball
2-1: SINGLE (Line Drive, 6D)
Batting: RHB Rick Moore 0-0: Bunted foul
0-1: Bunted foul
0-2: Ball
1-2: Foul Ball, location: 2F
1-2: Ball
2-2: Ball
3-2: Base on Balls
Gabriel Pérez to second
Batting: RHB Martín Martínez 0-0: Called Strike
0-1: Fly out, F9 (Flyball, 9M)
Batting: RHB John Moore 0-0: Swinging Strike
0-1: Ball
1-1: Foul Ball, location: 2F
1-2: Ball
2-2: Strikes out looking
Batting: RHB Randy Rehling 0-0: Called Strike
0-1: Called Strike
Gabriel Pérez steals 3rd base
Rick Moore to second
0-2: Hit by Pitch
Batting: RHB Christian O'Neal 0-0: Fly out, F7 (Flyball, 78M)
Top of the 8th over - 0 run(s), 1 hit(s), 0 error(s), 3 left on base; Phoenix 13 - Florida 8
BOTTOM OF THE 8TH
Florida Men batting - Pitching for Phoenix Hotspur Reserves : RHP Roderick Draper
Batting: LHB Bastyăo Lizardo 0-0: Foul Ball, location: 2F
0-1: Ball
1-1: Ball
2-1: Foul Ball, location: 2F
2-2: Ground out 1-3 (Groundball, 23)
Batting: RHB Jim Unknown 0-0: Ball
1-0: Ball
2-0: Called Strike
2-1: Fly out, F8 (Flyball, 8RD)
Pitching: RHP Miguel Herrera
Batting: RHB Jim Unknown 0-0: Ground out 6-3 (Groundball, 6)
Bottom of the 8th over - 0 run(s), 0 hit(s), 0 error(s), 0 left on base; Phoenix 13 - Florida 8
TOP OF THE 9TH
Phoenix Hotspur Reserves batting - Pitching for Florida Men : RHP Michael McGinnity
Batting: RHB Ben Anderson 0-0: Called Strike
0-1: Ball
1-1: Ball
2-1: Ball
3-1: Base on Balls
Batting: SHB Jesús González 0-0: Ball
1-0: Ball
2-0: Bunted foul
2-1: Sac Bunt - play at first, batter OUT! 1-4
Ben Anderson to second
Batting: RHB Alejandro Ibarra 0-0: Ball
Wild Pitch!
Ben Anderson to third
1-0: Ball
2-0: Called Strike
2-1: Ball
3-1: Foul Ball, location: 2F
3-2: Base on Balls
Batting: RHB Gabriel Pérez 0-0: Ball
1-0: Fielders Choice at 2nd, 6-4 (Groundball, 6)
Ben Anderson scores
Batting: RHB Rick Moore 0-0: Called Strike
Gabriel Pérez is caught stealing 2nd base
Top of the 9th over - 1 run(s), 0 hit(s), 0 error(s), 0 left on base; Phoenix 14 - Florida 8
BOTTOM OF THE 9TH
Florida Men batting - Pitching for Phoenix Hotspur Reserves : RHP Miguel Herrera
Batting: RHB Jim Unknown 0-0: Ball
1-0: Swinging Strike
1-1: Ball
2-1: Foul Ball, location: 2F
2-2: Ball
3-2: Ground out 4-3 (Groundball, 34)
Batting: RHB Jim Unknown 0-0: Ball
1-0: Called Strike
1-1: Ball
2-1: Ball
3-1: Ground out 4-3 (Groundball, 4)
Batting: RHB Jim Unknown 0-0: Ground out 6-3 (Groundball, 6)
Bottom of the 9th over - 0 run(s), 0 hit(s), 0 error(s), 0 left on base; Phoenix 14 - Florida 8
This league is powered by Out of the Park Baseball, the baseball management simulation game for PC, Mac and Linux
Friday, April 15th, 2016 - OOTP Baseball 16.9 Build 39